 Dungeon Crawl Stone Soup version 0.28-a0-1143-gcf6077d4cc (webtiles) character file.

Game seed: 4665705928584192563

21 yoda5477 the Insei (level 2, -3/22 HPs)
             Began as a Demonspawn Transmuter on Dec 13, 2021.
             Slain by a worm (10 damage)
             ... on level 2 of the Dungeon.
             The game lasted 00:04:31 (1338 turns).

yoda5477 the Insei (Demonspawn Transmuter)          Turns: 1338, Time: 00:04:32

Health: -3/22      AC:  2    Str: 10    XL:     2   Next: 62%
Magic:  3/5        EV: 12    Int: 14    God:
Gold:   40         SH:  0    Dex: 13    Spells: 2/5 levels left

rFire   . . .      SeeInvis .     - Unarmed
rCold   . . .      Faith    .   (no shield)
rNeg    . . .      Spirit   .   a - +0 robe
rPois   .          Reflect  .   (helmet currently unavailable)
rElec   .          Harm     .   (no cloak)
rCorr   .          Rampage  .   (no gloves)
Will    .....                   (boots currently unavailable)
Stlth   ++........              (no amulet)
HPRegen 0.07/turn               (no ring)
MPRegen 0.09/turn               (no ring)

@: appendages (expiring)
A: talons 2, antennae 1
a: End Transformation


You were on level 2 of the Dungeon.
You had temporarily grown beastly talons.
You visited 1 branch of the dungeon, and saw 2 of its levels.

You collected 40 gold pieces.

Inventory:

Hand Weapons
 c - a +0 dagger
 n - a +0 spear
Missiles
 h - 70 stones (quivered)
 i - 23 sling bullets
 k - 23 bolts
 m - 8 arrows
Armour
 a - a +0 robe (worn)
 j - a +0 pair of boots (melded)
Scrolls
 b - a scroll of summoning {unknown}
 e - a scroll of teleportation {unknown}
 f - a scroll of immolation {unknown}
 g - a scroll of enchant armour {unknown}
 l - a scroll of amnesia {unknown}
Potions
 d - a potion of curing {unknown}


   Skills:
 * Level 1.7 Fighting
 + Level 2.0 Dodging
 * Level 1.2 Stealth
 - Level 2.6 Unarmed Combat
 - Level 2.0 Spellcasting
 + Level 2.0 Transmutations


You had 2 spell levels left.
You knew the following spells:

 Your Spells              Type           Power      Damage    Failure   Level
a - Beastly Appendage     Tmut           14%        N/A       11%         1
b - Wereblood             Tmut           7%         N/A       16%         2

Your spell library contained the following spells:

 Spells                   Type           Power      Damage    Failure   Level
 Foxfire                  Conj/Fire      4%         2x1d4     24%         1
 Spider Form              Tmut/Pois      4%         N/A       43%         3
 Conjure Flame            Conj/Fire      1%         6-21      56%         3
 Inner Flame              Hex/Fire       1%         N/A       56%         3
 Ice Form                 Ice/Tmut       4%         N/A       83%         4
 Flame Wave               Conj/Fire      1%         2d4       93%         4


Dungeon Overview and Level Annotations

Branches:
Dungeon (2/15)

Altars:


Innate Abilities, Weirdness & Mutations

You have temporarily grown beastly talons.
You have a pair of small antennae on your head.


Message History

Press: ? - help, Q - select action, (/) - cycle Shift-Dir - straight line, f/p - worm
Aim: a worm (76% to hit)
You throw a stone. The stone hits the worm.
The worm is lightly wounded.
Throw: 71 stones
Press: ? - help, Q - select action, (/) - cycle Shift-Dir - straight line, f/p - worm
Aim: a worm (76% to hit)
You throw a stone. The stone hits the worm.
The worm is lightly wounded.
A rat comes into view.
The worm bites you.
Casting: Beastly Appendage (safe; 11% risk of failure)
Confirm with . or Enter, or press ? or * to list all spells.
You miscast Beastly Appendage.
You are very lightly contaminated with residual magic.
Nothing appears to happen.
Casting: Beastly Appendage (safe; 11% risk of failure)
Confirm with . or Enter, or press ? or * to list all spells.
Your feet morph into talons.
Your +0 pair of boots melds into your body.
Your transformation is almost over.
You barely miss the worm. The worm bites you!
You barely miss the worm. You claw the worm. You punch the worm.
The worm is moderately wounded.
The worm bites you but does no damage.
You hit the worm.
The worm is heavily wounded.
You hit the worm. Your kick misses the worm.
The worm is severely wounded.
The worm bites you.
Your magical contamination has completely faded away.
You hit the worm.
The worm is severely wounded.
You hit the worm. You claw the worm, but do no damage.
The worm is almost dead.
The worm barely misses you.
You hit the worm.
The worm is almost dead.
The worm bites you!
You die...

###################+##
#...................<#
{#.#############......###
#...........(..........#
###########(####†.........
........rw@...........#
#######.########..#...#
#.# #..#...# #.# #..# ###
#.# .# #r# #†# #...h....#
+..........


You could see a worm and a rat.

Vanquished Creatures
  A dart slug (D:1)
  4 endoplasms (D:1)
  A goblin (D:1)
  2 hobgoblins (D:1)
  A jackal (D:2)
  A ball python (D:2)
  3 bats
  A frilled lizard (D:1)
  4 rats
18 creatures vanquished.

Notes
Turn   | Place    | Note
-------+----------+-------------------------------------------
     0 | D:1      | yoda5477 the Demonspawn Transmuter began the quest for the
                  | Orb.
     0 | D:1      | Reached XP level 1. HP: 15/15 MP: 3/3
     0 | D:1      | Upgraded the game from 0.28-a0-1130-gc51a68064b to
                  | 0.28-a0-1143-gcf6077d4cc
   119 | D:1      | Found a faded altar of an unknown god.
   273 | D:1      | Lost mutation: You have a pair of horns on your head.
                  | [demonic ancestry]
   273 | D:1      | Lost mutation: You have a pair of small horns on your head.
                  | [demonic ancestry]
   273 | D:1      | Gained mutation: You have a pair of small antennae on your
                  | head. [demonic ancestry]
   273 | D:1      | Reached XP level 2. HP: 21/21 MP: 3/5
   376 | D:1      | Reached skill level 1 in Stealth
   592 | D:1      | Learned a level 2 spell: Wereblood
  1338 | D:2      | Slain by a worm

Illustrated notes

Levels and vault maps discovered:
D:1:      ncdulo_halloftheorcs, layout_basic, hellmonk_ecumenical_altar_run_dry
D:2:      layout_basic

Skill      XL: |  1  2 |
---------------+-------+-----
Stealth        | 1 |  1.2
Dodging        | 2 |  2.0
Transmutations | 2 |  2.0
Fighting       | |  1.7
Unarmed Combat | |  2.6
Spellcasting   | |  2.0

Action                   || total
-------------------------++-------
Melee: Unarmed           ||    46
       Kick              ||    14
       Headbutt          ||     1
       Punch             ||     1
Throw: Stone             ||     3
 Cast: Beastly Appendage ||    23
 Stab: Sleeping          ||     2
Armor: Robe              ||     8
Dodge: Dodged            ||    19

Table legend: (Time is in decaauts)
 A = Elapsed time spent in this place.
 B = Non-inter-level travel time spent in this place.
 C = Inter-level travel time spent in this place.
 D = Time resting spent in this place.
 E = Time spent auto-exploring this place.
 F = Levels seen in this place.
 G = Mean time per level.
                   A        B        C        D        E       F      G
               +--------+--------+--------+--------+--------+-----+--------+
         Total |   1338 |   1246 |     92 |    304 |    721 |   2 |  669.0 |
       Dungeon |   1338 |   1246 |     92 |    304 |    721 |   2 |  669.0 |
               +--------+--------+--------+--------+--------+-----+--------+

Top non-repeatable levels by time:
     D:1: 1139 daAuts
     D:2: 198 daAuts
